 Dungeon Crawl Stone Soup version 0.27.0-1-g7a089689b8 (webtiles) character file.

Game seed: 3895633426658788112

1178 RepHenryClay the Spear-Bearer (level 8, -5/56 HPs)
             Began as a Merfolk Gladiator on Aug 1, 2021.
             Slain by an iguana (6 damage)
             ... on level 4 of the Dungeon.
             The game lasted 00:08:20 (5348 turns).

RepHenryClay the Spear-Bearer (Merfolk Gladiator)   Turns: 5348, Time: 00:08:20

Health: -5/56      AC:  3    Str: 15    XL:     8   Next: 41%
Magic:  8/8        EV: 17    Int:  7    God:
Gold:   211        SH:  0    Dex: 17    Spells: 7/7 levels left

rFire    . . .     SeeInvis .   a - +0 trident
rCold    . . .     Faith    .   (no shield)
rNeg     . . .     Spirit   .   b - +0 leather armour
rPois    +         Reflect  .   (helmet restricted)
rElec    .         Harm     .   (no cloak)
rCorr    .         Rampage  .   (no gloves)
Will     .....     Clarity  +   (no boots)
Stlth    +.........             (no amulet)
HPRegen  0.18/turn              (no ring)
MPRegen  0.11/turn              (no ring)

@: no status effects
A: (nimble swimmer 2), mertail, horns 1, clarity, poison resistance
a: no special abilities


You were on level 4 of the Dungeon.
You visited 1 branch of the dungeon, and saw 5 of its levels.

You collected 211 gold pieces.

Inventory:

Hand Weapons
 a - a +0 trident (weapon)
Missiles
 g - 10 poisoned darts (quivered)
 i - 3 boomerangs
Armour
 b - a +0 leather armour (worn)
 c - a +0 helmet
Jewellery
 h - a ring of resist corrosion
Wands
 j - a wand of paralysis (9)
Scrolls
 d - a scroll of teleportation
 e - a scroll of silence {unknown}
 f - 2 scrolls of identify


   Skills:
 - Level 2.1 Fighting
 + Level 10.7 Polearms
 - Level 2.0 Throwing
 + Level 9.8 Dodging


You had 7 spell levels left.
You didn't know any spells.
Your spell library contained the following spells:

 Spells                   Type           Power      Damage    Failure   Level
 Portal Projectile        Hex/Tloc       0%         N/A       86%         3
 Blade Hands              Tmut           0%         N/A       100%        5
 Excruciating Wounds      Necr           0%         N/A       100%        5


Dungeon Overview and Level Annotations

Branches:
Dungeon (5/15)
 Temple: D:4-7

Altars:
Xom

Annotations:
D:3 Grinder
D:4 3 runed translucent doors, SweetAndFullOfGrace's ghost, amateur MiBe


Innate Abilities, Weirdness & Mutations

((You are quick and stealthy near water. (Stealth+, EV+, Speed+++)))
Your lower body shifts to a powerful aquatic tail in water.
You have a pair of small horns on your head.
You possess an exceptional clarity of mind.
Your system is resistant to poisons. (rPois)


Message History

Unknown command.
You hit the iguana.
You headbutt the iguana, but do no damage.
The iguana is lightly wounded.
The iguana misses you.
You barely miss the iguana.
The iguana is lightly wounded.
The iguana bites you.
* * * LOW HITPOINT WARNING * * *
Unknown command.
You hit the iguana but do no damage. Your headbutt misses the iguana.
The iguana is lightly wounded.
The iguana barely misses you.
Unknown command.
You hit the iguana. Your headbutt misses the iguana.
The iguana is moderately wounded.
Unknown command.
You closely miss the iguana.
The iguana is moderately wounded.
The iguana closely misses you.
Unknown command.
You barely miss the iguana.
The iguana is moderately wounded.
The iguana closely misses you.
You barely miss the iguana.
The iguana is moderately wounded.
You barely miss the iguana.
The iguana is moderately wounded.
The iguana bites you.
* * * LOW HITPOINT WARNING * * *
Unknown command.
You hit the iguana.
The iguana is severely wounded.
The iguana bites you!
* * * LOW HITPOINT WARNING * * *
You barely miss the iguana.
You headbutt the iguana, but do no damage.
The iguana is severely wounded.
The iguana bites you.
You die...

..# #....#.#
[.#########.##.#.#
..........#.##.#.#
######..#.#.##.#.#
##.⌠K##.....##...#
#.#.#W#..######..#
...#KK+..# #..#
!....K+..# ###l.####
?..#KK+.## #...@...#
#.#K#K#.# #.......#
##.⌠K##.# #.......#
.#####..# #.......#
........# #.......#
........#####.......#
#######.....'.......#
#######.......#
#.......#


You could see an iguana.

Vanquished Creatures
  3 yaks
  2 necrophages
  An ogre (D:5)
  A phantom (D:4)
  A wyvern zombie (D:5)
  An orc priest (D:4)
  A bullfrog skeleton (D:4)
  Jessica (D:3)
  3 orc wizards
  A hound skeleton (D:4)
  5 adders
  An ufetubus (D:4)
  4 worms
  A dart slug (D:1)
  15 orcs
  6 endoplasms
  2 giant cockroaches (D:1)
  3 goblins (D:2)
  3 hobgoblins
  20 jackals
  6 kobolds
  7 quokkas
  7 ball pythons
  4 bats
  6 frilled lizards
  A quokka zombie (D:3)
  6 rats
112 creatures vanquished.

Notes
Turn   | Place    | Note
-------+----------+-------------------------------------------
     0 | D:1      | RepHenryClay the Merfolk Gladiator began the quest for the
                  | Orb.
     0 | D:1      | Reached XP level 1. HP: 16/16 MP: 1/1
    31 | D:1      | Found a faded altar of an unknown god.
    68 | D:1      | Reached XP level 2. HP: 16/22 MP: 2/2
   387 | D:1      | Reached skill level 5 in Polearms
   723 | D:1      | Reached XP level 3. HP: 25/27 MP: 3/3
   881 | D:2      | Reached skill level 5 in Dodging
  1413 | D:2      | Reached XP level 4. HP: 33/33 MP: 4/4
  1656 | D:2      | Reached skill level 6 in Polearms
  1748 | D:2      | Found a shimmering altar of Xom.
  1952 | D:3      | Noticed Jessica
  1957 | D:3      | Killed Jessica
  1958 | D:3      | Reached XP level 5. HP: 30/38 MP: 5/5
  2152 | D:3      | Noticed Grinder
  2158 | D:3      | Paralysed by Grinder for 2 turns
  2172 | D:3      | Gained mutation: You have a pair of small horns on your
                  | head. [potion of mutation]
  2172 | D:3      | Gained mutation: You possess an exceptional clarity of
                  | mind. [potion of mutation]
  2172 | D:3      | Gained mutation: Your system is resistant to poisons.
                  | (rPois) [potion of mutation]
  2182 | D:3      | Paralysed by Grinder for 6 turns
  2841 | D:3      | Reached skill level 7 in Polearms
  3181 | D:4      | Noticed a necrophage
  3188 | D:4      | Killed a necrophage
  3189 | D:4      | Reached XP level 6. HP: 38/44 MP: 6/6
  3397 | D:4      | Reached skill level 8 in Polearms
  3672 | D:4      | Found a runed translucent gate.
  3672 | D:4      | Found a runed translucent gate.
  3672 | D:4      | Found a runed translucent gate.
  3673 | D:4      | Noticed SweetAndFullOfGrace's ghost (amateur MiBe)
  3851 | D:4      | Noticed a black bear
  3881 | D:5      | Entered Level 5 of the Dungeon
  4342 | D:5      | Reached XP level 7. HP: 50/50 MP: 7/7
  4556 | D:5      | Identified the +10 mace of Tiuxax {vorpal, Dex+4}
  4620 | D:4      | Reached skill level 9 in Polearms
  4868 | D:5      | Noticed a yak
  4876 | D:5      | Noticed a yak
  4888 | D:4      | Killed a yak
  4889 | D:4      | Reached XP level 8. HP: 33/56 MP: 8/8
  5016 | D:5      | Noticed a yak
  5018 | D:5      | Noticed a yak
  5055 | D:4      | Killed a yak
  5056 | D:4      | Reached skill level 10 in Polearms
  5316 | D:5      | Killed a yak
  5347 | D:4      | HP: 1/56 [iguana (10)]
  5348 | D:4      | Slain by an iguana

Illustrated notes

Levels and vault maps discovered:
D:1:      dpeg_arrival_pond, layout_rooms,
          hellmonk_ecumenical_altar_pennies_from_heaven
D:2:      layout_basic, basic_altar, kennysheep_generic_room_4
D:3:      layout_basic, general_overflow_altar, serial_undead, serial_undead_b,
          serial_undead_f, serial_undead_a, serial_undead_b, minmay_distorted,
          uniq_robin, uniq_jessica, uniq_grinder
D:4:      layout_basic, gammafunk_ghost_nasty_kobolds
D:5:      layout_loops_cross, uniq_blork_the_orc

Skill      XL: |  1  2  3  4  5  6  7  8 |
---------------+-------------------------+-----
Polearms       | 5 6 7 8 9 10 | 10.7
Dodging        | 5 7 9 |  9.8
Fighting       | |  2.1
Throwing       | |  2.0

Action                   |  1- 3 |  4- 6 |  7- 9 || total
-------------------------+-------+-------+-------++-------
Melee: Trident           |   172 |   192 |    96 ||   460
       Headbutt          |       |    23 |    20 ||    43
       Tailslap          |       |     3 |       ||     3
Throw: Throwing net      |       |     3 |       ||     3
       Dart              |       |       |    12 ||    12
Evoke: Wand              |       |       |     1 ||     1
  Use: Scroll            |       |     4 |       ||     4
       Potion            |       |     4 |       ||     4
 Stab: Paralysed         |       |       |     1 ||     1
Armor: Leather armour    |    41 |    25 |    10 ||    76
Dodge: Dodged            |   109 |   111 |    63 ||   283
